 Dungeon Crawl Stone Soup version 0.23.0 (webtiles) character file.

Game seed: 17823524420281794104

2907 Faca the Fighter (level 9, -6/63 HPs)
             Began as a Gargoyle Fighter on Feb 12, 2019.
             Was a Believer of Uskayaw.
             Mangled by a troll (9 damage)
             ... on level 7 of the Dungeon.
             The game lasted 00:21:08 (6019 turns).

Faca the Fighter (Gargoyle Fighter)                 Turns: 6019, Time: 00:21:09

Health: -6/63      AC: 15    Str: 27    XL:     9   Next: 78%
Magic:  9/9        EV:  7    Int:  9    God:    Uskayaw [**....]
Gold:   353        SH: 11    Dex: 10    Spells: 8/8 levels left

rFire    . . .     SeeInvis .   p - +0 mace (crush)
rCold    . . .     Gourm    .   c - +1 shield
rNeg     + . .     Faith    .   x - +2 scale mail {MR+}
rPois    ∞         Spirit   .   (no helmet)
rElec    +         Reflect  .   (no cloak)
rCorr    .         Harm     .   (no gloves)
MR       +....                  (no boots)
Stlth    ..........             (no amulet)
HPRegen  0.20/turn              u - +5 ring of strength
MPRegen  0.11/turn              (no ring)

@: no status effects
A: negative energy resistance 1, electricity resistance, unbreathing,
petrification resistance, rot immunity, AC +6
a: Stomp, Line Pass, Renounce Religion


You were on level 7 of the Dungeon.
You worshipped Uskayaw.
Uskayaw was noncommittal.
You were hungry.

You visited 1 branch of the dungeon, and saw 7 of its levels.

You collected 353 gold pieces.

Inventory:

Hand Weapons
 p - a +0 mace of crushing (weapon)
 s - a +1 morningstar
Missiles
 d - 6 tomahawks (quivered)
 y - a throwing net
Armour
 c - a +1 shield (worn)
 i - a +0 plate armour
 x - a +2 scale mail of magic resistance (worn)
Jewellery
 u - a +5 ring of strength (left hand)
Wands
 l - a wand of flame (34)
 t - a wand of scattershot (4)
Scrolls
 a - a scroll of teleportation
 b - 2 scrolls of fear {unknown}
 k - 2 scrolls of enchant armour
 m - 4 scrolls of remove curse
Potions
 e - 2 potions of invisibility
 g - a potion of mutation
 h - 2 potions of flight
 j - a potion of agility
 n - a potion of lignification
 o - 3 potions of heal wounds
 q - a potion of curing
 r - a potion of haste
 v - a potion of brilliance
 w - a potion of berserk rage
 z - a potion of resistance
Comestibles
 f - 12 rations


   Skills:
 + Level 10.5 Fighting
 + Level 9.4 Maces & Flails
 - Level 3.5 Armour
 - Level 0.3 Dodging
 - Level 3.8 Shields


You had 8 spell levels left.
You didn't know any spells.
Your spell library contained the following spells:

 Spells                   Type           Power        Failure   Level  Hunger
 Animate Skeleton         Necr           N/A          98%         1    ##.....
 Apportation              Tloc           #.....       98%         1    ##.....
 Confusing Touch          Hex            #.....       98%         1    ##.....
 Summon Small Mammal      Summ           #...         98%         1    ##.....


Dungeon Overview and Level Annotations

Branches:
Dungeon (7/15)             Temple (0/1) D:5

Altars:
Dithmenos
Kikubaaqudgha
Qazlal
Uskayaw

Shops:
D:4 }   D:6 !


Innate Abilities, Weirdness & Mutations

You are resistant to torment.
Your stone body is resilient. (AC +6)
You are immune to poison.
You resist negative energy. (rN+)
You are resistant to electric shocks. (rElec)
You can survive without breathing.
You are immune to petrification.
You are immune to rotting.


Message History

The centaur falls through a shaft!
The shaft crumbles and collapses.
You see here 2 arrows.
You can no longer pass through a line of other dancers.
You sock the troll!
The troll is moderately wounded.
The troll bites you.
* * * LOW HITPOINT WARNING * * *
You block the troll's attack. x2
You can now pass through a line of other dancers.
You barely miss the troll.
The troll is moderately wounded.
The troll bites you.
* * * LOW HITPOINT WARNING * * *
The troll completely misses you. You block the troll's attack.
You hit the troll.
The troll is moderately wounded.
You hit the troll but do no damage.
The troll is moderately wounded.
You block the troll's attack. x2; The troll claws you!
You die...

......# #........##
......# #.........#
....### ........#
...## .......# ####
#.....# #####
#....# ####...##
#..# ###.......#
##T.# ##.........#
##(@.#
#.........####(..##
..........###...##
..............###
.............##
........###...#
######### #####


You could see a troll.

Vanquished Creatures
  Sigmund (D:3)
  Menkaure (D:6)
  Duvessa (D:6)
  2 sky beasts
  An ice beast (D:6)
  3 orc warriors
  A phantom (D:4)
  3 ogres
  3 big kobolds
  A bullfrog (D:6)
  Dowan (D:6)
  A scorpion (D:6)
  5 killer bees
  2 howler monkeys
  A centaur zombie (D:5)
  A crimson imp (D:5)
  2 orc priests (D:5)
  2 hounds
  A centaur skeleton (D:6)
  2 bullfrog skeletons
  2 jellies
  5 orc wizards
  Jessica (D:3)
  Terence (D:2)
  2 iguanas
  3 worker ants
  A killer bee zombie (D:7)
  3 worker ant zombies
  3 gnolls (D:7)
  6 adders
  A howler monkey skeleton (D:4)
  A shadow imp (D:5)
  An adder zombie (D:7)
  2 adder skeletons
  A worm (D:3)
  3 dart slugs
  5 leopard geckos
  25 orcs
  3 giant cockroaches
  2 goblins (D:2)
  6 hobgoblins
  7 jackals
  A quokka (D:7)
  7 bats
  7 frilled lizards
  33 kobolds
  A quokka skeleton (D:4)
  A quokka zombie (D:6)
  8 rats
177 creatures vanquished.

Notes
Turn   | Place    | Note
-------+----------+-------------------------------------------
     0 | D:1      | Faca the Gargoyle Fighter began the quest for the Orb.
     0 | D:1      | Reached XP level 1. HP: 14/14 MP: 1/1
    44 | D:1      | Reached XP level 2. HP: 12/19 MP: 2/2
   321 | D:1      | You fall through a shaft!
   386 | D:2      | Found a faded altar of an unknown god.
   389 | D:2      | Reached XP level 3. HP: 22/24 MP: 3/3
   445 | D:2      | Became a worshipper of Uskayaw the Reveler
   445 | D:2      | Reached * piety under Uskayaw
   774 | D:2      | Noticed Terence
   794 | D:2      | Killed Terence
   794 | D:2      | Reached skill level 4 in Fighting
   794 | D:2      | Reached XP level 4. HP: 20/29 MP: 4/4
   794 | D:2      | Reached ** piety under Uskayaw
   974 | D:3      | Noticed Sigmund
   982 | D:3      | Killed Sigmund
   982 | D:3      | Reached skill level 5 in Fighting
   982 | D:3      | Reached XP level 5. HP: 28/35 MP: 5/5
   982 | D:3      | Reached XP level 6. HP: 32/40 MP: 6/6
  1475 | D:3      | Noticed Jessica
  1477 | D:3      | Killed Jessica
  1833 | D:4      | Found Uphiul's Gadget Shop.
  1931 | D:4      | Reached skill level 6 in Fighting
  1931 | D:4      | Reached *** piety under Uskayaw
  2077 | D:4      | Reached skill level 5 in Maces & Flails
  2077 | D:4      | Reached XP level 7. HP: 46/46 MP: 7/7
  2461 | D:5      | Entered Level 5 of the Dungeon
  3050 | D:5      | Found a staircase to the Ecumenical Temple.
  3059 | D:5      | Found a stormy altar of Qazlal.
  3110 | D:5      | Reached skill level 7 in Fighting
  3224 | D:4      | Reached XP level 8. HP: 32/53 MP: 8/8
  3850 | D:5      | Reached skill level 8 in Fighting
  4095 | D:6      | Noticed Menkaure
  4104 | D:6      | Killed Menkaure
  4306 | D:6      | Noticed Duvessa
  4309 | D:6      | Noticed Dowan
  4321 | D:6      | Killed Duvessa
  4321 | D:6      | Reached **** piety under Uskayaw
  4326 | D:6      | Reached ***** piety under Uskayaw
  4327 | D:6      | Reached skill level 9 in Fighting
  4338 | D:6      | Killed Dowan
  4338 | D:6      | Reached XP level 9. HP: 41/60 MP: 9/9
  4455 | D:6      | Found a shadowy altar of Dithmenos.
  4563 | D:6      | Found an ancient bone altar of Kikubaaqudgha.
  4691 | D:6      | Found Gero's Distillery.
  4744 | D:6      | HP: 1/61 [ogre/+0 giant spiked club (6)]
  5063 | D:6      | Found a shadowy altar of Dithmenos.
  5326 | D:7      | Reached skill level 10 in Fighting
  6007 | D:7      | Noticed a troll
  6017 | D:7      | HP: 3/63 [troll (1)]
  6019 | D:7      | Mangled by a troll

Skill      XL: |  1  2  3  4  5  6  7  8  9 |
---------------+----------------------------+-----
Fighting       | 4 5 6 7 9 10 | 10.5
Maces & Flails | 4 5 6 7 9 |  9.4
Armour         | |  3.5
Dodging        | |  0.3
Shields        | |  3.8

Action                   |  1- 3 |  4- 6 |  7- 9 || total
-------------------------+-------+-------+-------++-------
Melee: Flail             |   135 |       |       ||   135
       Mace              |       |   149 |   551 ||   700
  Use: Potion            |       |     2 |       ||     2
       Scroll            |       |    11 |    10 ||    21
 Stab: Paralysed         |       |     2 |    20 ||    22
  Eat: Chunk             |       |     2 |     2 ||     4
       Ration            |       |     1 |     3 ||     4
Armor: Scale mail        |    81 |    48 |   183 ||   312
       Chain mail        |       |    26 |   199 ||   225
Dodge: Dodged            |    37 |    32 |   146 ||   215
Block: Shield            |    76 |    64 |   377 ||   517
